Description

An epic game of Terran vs Protoss between Has and Kelazhur.

VOD

https://www.youtube.com/watch?v=0Ylt6yl17ig

Build Order

Get SALT Encoding   

  12  0:08  Pylon  
  12  0:14  Probe  
  13  0:26  Gateway  Send probe across map
  15  0:45  Assimilator  
  16  0:56  Assimilator  
  17  1:10  Pylon  PROXY
  17  1:15  Cybernetics Core  
  19  1:38  Assimilator  PROXY
  19  1:52  Robotics Bay  
  19  1:56  Adept  Base defence
  21  2:04  Shield Battery  PROXY
  21  2:09  Warp Gate  
  22  2:18  Adept  
  23  2:33  Pylon  PROXY NATURAL
  23  2:44  Immortal (Chrono Boost)  
  26  2:55  Shield Battery  PROXY NATURAL
  27  3:17  Immortal (Chrono Boost)  
  31  3:29  Shield Battery  PROXY NATURAL
  32  3:49  Warp Prism  
  33  3:59  Shield Battery  
  35  4:21  Shield Battery  2 OR 3 IF NEEDED
  36  4:31  Immortal (Chrono Boost)  
  38  5:04  Stalker  
  40  5:43  Immortal  
Spawning Tool Build Advisor. Get it on Overwolf

Go to:

Details

  • Created by: MegaMech
  • Published on: Jul 23, 2018
  • Modified on: Jul 24, 2018
  • Patch: 4.0.0
Show
View Real Time Build Order
Export as new Build Order

Comments (3)

On July 24, 2018, 8:44 p.m., MegaMech  said:

Supply Column has been updated. Near the end of the build Has was losing units, so I just incremented the supply count as seemed necessary.

On July 24, 2018, 8:19 p.m., MegaMech  said:

Hi Jitano,

I only had time to put in the timings, copied from the youtube video because I did not have access to a replay file. I will update the supply column to be accurate soon.

On July 24, 2018, 8:16 p.m., Jitano  said:

How tf am I suposed to build a Pylon at 10 supply?!

Create an account to comment!